 Dungeon Crawl Stone Soup version 0.29-a0-993-g4a18f31a58 (webtiles) character file.

Game seed: 14480394033918164468

910 nicolae the Destroyer (level 8, -5/48 HPs)
             Began as an Octopode Conjurer on Aug 2, 2022.
             Was an Initiate of Gozag.
             Slain by a troll (8 damage)
             ... on level 5 of the Dungeon.
             The game lasted 00:12:01 (6141 turns).

nicolae the Destroyer (Octopode Conjurer)           Turns: 6141, Time: 00:12:02

Health: -5/48      AC:  1    Str:  6    XL:     8   Next: 8%
Magic:  4/11       EV: 12    Int: 21    God:    Gozag
Gold:   353        SH:  3    Dex: 10    Spells: 2/11 levels left

rFire   . . .      SeeInvis +   d - +2 dagger (drain)
rCold   . . .      Faith    .   g - +0 buckler
rNeg    . . .      Spirit   .   (helmet restricted)
rPois   .          Reflect  .   a - amulet of magic regeneration
rElec   .          Harm     .   f - ring of see invisible
rCorr   .          Rampage  .   (no ring)
Will    .....                   (no ring)
Stlth   +++.......              (no ring)
HPRegen 0.16/turn               (no ring)
MPRegen 0.52/turn               (no ring)
                                (no ring)
                                (no ring)

@: no status effects
A: almost no armour, amphibious, 8 rings, camouflage 1, gelatinous body 1,
(nimble swimmer 1), tentacles, dopey 1, noise suppression
a: Renounce Religion, Potion Petition, Call Merchant, Bribe Branch


You were on level 5 of the Dungeon.
You worshipped Gozag.
Gozag was aware of your devotion.
You visited 2 branches of the dungeon, and saw 6 of its levels.

You collected 403 gold pieces.
You paid 50 gold pieces to Gozag.

Inventory:

Hand Weapons
 d - a +2 dagger of draining (weapon)
Missiles
 l - 2 throwing nets
 o - 3 boomerangs
Armour
 g - a +0 buckler (worn)
Jewellery
 a - an amulet of magic regeneration (around mantle)
 f - a ring of see invisible (left tentacle)
Scrolls
 b - a scroll of blinking {unknown}
 c - a scroll of magic mapping {unknown}
 i - a scroll of teleportation {unknown}
 j - 2 scrolls of immolation {unknown}
 k - a scroll of enchant weapon {unknown}
 m - a scroll of vulnerability {unknown}
 n - 3 scrolls of identify {unknown}
 q - a scroll of enchant armour {unknown}
Potions
 e - a potion of brilliance
 h - 2 potions of heal wounds
 p - a potion of curing {unknown}
 r - a potion of ambrosia {unknown}
 s - a potion of berserk rage {unknown}


   Skills:
 + Level 1.4 Fighting
 + Level 2.6 Dodging
 - Level 2.6 Stealth
 - Level 2.0 Spellcasting
 - Level 8.0 Conjurations
 - Level 5.0 Translocations


You had 2 spell levels left.
You knew the following spells:

 Your Spells              Type           Power      Damage    Failure   Level
a - Magic Dart            Conj           100%       1d8       1%          1
b - Searing Ray           Conj           70%        2d7       1%          2
c - Iskenderun's Mystic   Conj/Tloc      29%        2d7       14%         4
d - Blink                 Tloc           46%        N/A       3%          2

Your spell library contained the following spells:

 Spells                   Type           Power      Damage    Failure   Level
 Sting                    Tmut/Pois      8%         1d3       21%         1
 Poisonous Vapours        Pois/Air       4%         N/A       30%         2
 Lesser Beckoning         Tloc           23%        N/A       8%          3
 Dazzling Flash           Conj/Hex       36%        N/A       12%         3
 Fulminant Prism          Conj/Hex       9%         3d7       36%         4
 Manifold Assault         Tloc           23%        N/A       56%         5
 Olgreb's Toxic Radiance  Pois           2%         N/A       89%         4


Dungeon Overview and Level Annotations

Branches:
Dungeon (5/15)             Temple (1/1) D:4

Altars:
Ashenzari
Dithmenos
Elyvilon
Fedhas
Gozag
Hepliaklqana
Kikubaaqudgha
Makhleb
Nemelex Xobeh
Qazlal
Ru
Trog
Vehumet
Wu Jian
Xom
Yredelemnul
Zin
The Shining One

Shops:
D:5 *

Annotations:
D:2 1 runed translucent door, Crazy Yiuf
D:3 1 runed translucent door, Atlas's ghost, amateur OpFE


Innate Abilities, Weirdness & Mutations

You cannot wear most types of armour.
You are amphibious.
You can wear up to eight rings at the same time.
Your skin changes colour to match your surroundings (Stealth+).
Your rubbery body absorbs attacks. (AC +1, EV +1)
((You are camouflaged when in or above water. (Stealth+)))
You have tentacles for arms and can constrict up to eight enemies at once.
You are dopey. (Int -2)
You passively dampen the noise of your surroundings.


Message History

e - a potion of brilliance
s - a fizzy blue potion You now have 318 gold pieces (gained 13).
You now have 327 gold pieces (gained 9).
Things that are here:
a +0 leather armour; a +0 whip You now have 332 gold pieces (gained 5).
You see here a +0 spear.
You now have 353 gold pieces (gained 21).
A troll comes into view.
The troll shouts!
A troll is nearby!
The magic dart hits the troll but does no damage.
Casting: Magic Dart (safe; 1% risk of failure)
Confirm with . or Enter, or press ? or * to list all spells.
Aiming: Searing Ray (safe; 1% risk of failure)
Press: ? - help, Shift-Dir - straight line, f/p - troll
Aim: a troll (81% to hit)
The searing ray hits the troll.
The troll is lightly wounded. (Press . to maintain the ray.)
The searing ray hits the troll!
The troll is moderately wounded.
The searing ray hits the troll!
The troll is heavily wounded.
The troll closely misses you. The troll claws you. The troll claws you!
The searing ray hits the troll!
The troll is severely wounded.
You finish channelling your searing ray.
The troll bites you! The troll claws you. The troll barely misses you.
Casting: Searing Ray (safe; 1% risk of failure)
Confirm with . or Enter, or press ? or * to list all spells.
The spell is quite dangerous to miscast (14% risk of failure)!
Continue anyway?
You erupt in a blast of force!
The mystic blast hits the troll!
The troll is almost dead.
The troll bites you!
* * * LOW HITPOINT WARNING * * *
The troll claws you!
You die...
Your body crumbles into a pile of gold.

### #.##
#### ##.##
#...#
##.##
....#
##.##
#..##
#..###
#T@##
##...###
##..##
##....##
##..##
###...##
##..##
##...##
##..##
##...##
##..##
##...#
##..#
#...#
##.####
#..# ##..#
..##..####
#..# #...


You could see a troll.

Vanquished Creatures
  A water moccasin (D:5)
  An ogre (D:4)
  A centaur (D:3)
  A necrophage (D:5)
  2 scorpions
  A howler monkey (D:5)
  3 hounds (D:5)
  A gnoll bouda (D:5)
  2 orc priests (D:4)
  An iguana (D:5)
  An orc wizard (D:4)
  5 gnolls
  6 adders
  A worm (D:3)
  2 dart slugs
  4 orcs
  7 bats
  9 endoplasms
  2 giant cockroaches
  9 goblins
  11 hobgoblins
  4 jackals (D:2)
  3 kobolds (D:1)
  6 quokkas
  8 ball pythons
  2 frilled lizards
  8 rats
102 creatures vanquished.

Notes
Turn   | Place    | Note
-------+----------+-------------------------------------------
     0 | D:1      | nicolae the Octopode Conjurer began the quest for the Orb.
     0 | D:1      | Reached XP level 1. HP: 11/11 MP: 3/3
   119 | D:1      | Reached XP level 2. HP: 2/17 MP: 1/5
   746 | D:1      | Learned a level 2 spell: Searing Ray
   808 | D:1      | Found a faded altar of an unknown god.
   874 | D:1      | Reached XP level 3. HP: 21/21 MP: 3/6
  1037 | D:1      | Reached skill level 5 in Conjurations
  1441 | D:2      | Found a sparkling altar of Nemelex Xobeh.
  1534 | D:2      | Reached XP level 4. HP: 27/27 MP: 2/7
  1886 | D:2      | You fall into a shaft and drop 1 floor!
  1967 | D:2      | Learned a level 4 spell: Iskenderun's Mystic Blast
  2050 | D:2      | Found a runed translucent door.
  2051 | D:2      | Noticed Crazy Yiuf
  2111 | D:3      | Noticed a centaur
  2117 | D:3      | Killed a centaur
  2118 | D:3      | Reached skill level 6 in Conjurations
  2118 | D:3      | Reached XP level 5. HP: 26/31 MP: 8/8
  2429 | D:3      | Reached skill level 7 in Conjurations
  2694 | D:3      | Reached XP level 6. HP: 36/36 MP: 3/9
  2881 | D:3      | Found a runed translucent door.
  2881 | D:3      | Noticed Atlas's ghost (amateur OpFE)
  3330 | D:3      | Identified 2 scrolls of acquirement
  3330 | D:3      | Acquired a book of Spatial Translocations
  3332 | D:3      | Acquired a ring of see invisible
  3375 | D:4      | Learned a level 2 spell: Blink
  3493 | D:4      | Found a staircase to the Ecumenical Temple.
  3502 | Temple   | Entered the Ecumenical Temple
  3710 | Temple   | Became a worshipper of Gozag Ym Sagoz the Greedy
  4017 | D:4      | Found a sparkling altar of Nemelex Xobeh.
  4017 | D:4      | Found a radiant altar of Vehumet.
  4183 | D:4      | Reached skill level 8 in Conjurations
  4196 | D:4      | Gained mutation: You passively dampen the noise of your
                  | surroundings. [potion of mutation]
  4196 | D:4      | Gained mutation: You are dopey. (Int -2) [potion of
                  | mutation]
  4205 | D:4      | Reached skill level 1 in Translocations
  4205 | D:4      | Reached XP level 7. HP: 14/41 MP: 7/10
  4207 | D:4      | HP: 1/41 [orc priest/+0 short sword (2)]
  4747 | D:4      | Found a blossoming altar of Fedhas.
  4863 | D:5      | Entered Level 5 of the Dungeon
  5687 | D:5      | Reached skill level 5 in Translocations
  5687 | D:5      | Reached XP level 8. HP: 37/47 MP: 4/11
  5953 | D:5      | Found Kowno's Lightly-Used Armoury.
  5962 | D:5      | Reached skill level 1 in Fighting
  6135 | D:5      | Noticed a troll
  6141 | D:5      | Slain by a troll

Illustrated notes

Levels and vault maps discovered:
D:1:      doesnt_arrival_eight_statues, layout_basic,
          shapermc_ecumenical_altar_venn
D:2:      layout_basic, basic_altar, uniq_crazy_yiuf_cottage
D:3:      layout_basic, gammafunk_ghost_grave, minmay_stone_trees_small,
          chequers_serial_rivers_micro_c, minmay_circle_x
D:4:      layout_basic, fedhas_altar_1, gammafunk_temple_overflow_pools,
          temple_pool_b
D:5:      layout_layer_cave, minmay_shop_damaged,
          eino_small_chamber_without_monster
Temple:   minmay_freezing_vapour_temple

Skill      XL: |  1  2  3  4  5  6  7  8 |
---------------+-------------------------+-----
Conjurations   | 5 6 7 8 |  8.0
Translocations | 1 5 |  5.0
Fighting       | 1 |  1.4
Dodging        | |  2.6
Stealth        | |  2.6
Spellcasting   | |  2.0

Action                   |  1- 3 |  4- 6 |  7- 9 || total
-------------------------+-------+-------+-------++-------
Melee: Unarmed           |     5 |       |       ||     5
       Constrict         |     1 |     3 |     2 ||     6
       Dagger            |     3 |    14 |     9 ||    26
       Tentacles         |       |     2 |     3 ||     5
 Cast: Magic Dart        |    67 |    85 |    52 ||   204
       Searing Ray       |       |     7 |    10 ||    17
       Iskenderun's Myst |       |       |     2 ||     2
  Use: Potion            |     1 |     3 |       ||     4
       Scroll            |       |     3 |     1 ||     4
 Stab: Sleeping          |     1 |     2 |       ||     3
Armor: Skin              |     6 |     4 |     2 ||    12
Dodge: Dodged            |    15 |    10 |    16 ||    41
Block: Buckler           |       |     2 |     2 ||     4

Table legend: (Time is in decaauts)
 A = Elapsed time spent in this place.
 B = Non-inter-level travel time spent in this place.
 C = Inter-level travel time spent in this place.
 D = Time resting spent in this place.
 E = Time spent auto-exploring this place.
 F = Levels seen in this place.
 G = Mean time per level.
                   A        B        C        D        E       F      G
               +--------+--------+--------+--------+--------+-----+--------+
         Total |   6141 |   5980 |    161 |   1675 |   3565 |   6 | 1023.5 |
       Dungeon |   5927 |   5770 |    157 |   1475 |   3565 |   5 | 1185.4 |
        Temple |    213 |    209 |      4 |    200 |      0 |   1 |  213.0 |
               +--------+--------+--------+--------+--------+-----+--------+

Top non-repeatable levels by time:
     D:1: 1383 daAuts
     D:4: 1320 daAuts
     D:3: 1313 daAuts
     D:5: 1252 daAuts
     D:2: 658 daAuts
  Temple: 213 daAuts
